Map: Chantier naval orbital

Players

Dawn - Winner!

  • Race: Zerg Zerg
  • League: Grandmaster

shidox

  • Race: Terran Terran
  • League: Grandmaster

VOD

Have the link to the VOD?

Description

Time

  • Played on: July 8, 2015, 11:32 a.m.
  • Length: 12:46
Show
View Real Time Build Order
Export as new Build Order

Dawn Zerg - Winner!

Build Orders: Hatch First, Muta Ling Bane 

Get SALT Encoding   

  12  0:01  Drone  
  13  0:16  Overlord  
  13  0:23  Drone  
  14  0:39  Drone x2  
  14  0:40  Drone  
  17  0:55  Hatchery  
  16  1:03  Drone x2  
  18  1:17  Spawning Pool  
  17  1:19  Extractor  
  16  1:32  Drone x2  
  18  2:08  Queen  
  20  2:09  Queen  
  20  2:11  Zergling x4  
  20  2:12  Drone x2  
  26  2:36  Drone x2  
  28  2:38  Overlord x2  
  29  2:58  Drone  
  29  2:59  Drone x3  
  29  3:02  Drone  
  29  3:04  Metabolic Boost  
  33  3:09  Drone  
  34  3:20  Drone  
  34  3:21  Drone x5  
  39  3:28  Queen  
  39  3:31  Overlord x2  
  39  3:32  Drone x2  
  43  3:37  Extractor  
  42  3:41  Baneling Nest  
  42  3:48  Drone x2  
  43  3:52  Zergling x14  
  50  4:09  Zergling x2  
  54  4:10  Zergling x8  
  54  4:15  Drone x2  
  54  4:16  Extractor  
  56  4:30  Drone  
  56  4:31  Drone x2, Extractor  
  59  4:33  Overlord x3  
  54  4:47  Zergling x10  
  50  5:04  Queen  
  50  5:05  Zergling x2  
  50  5:06  Zergling x12  
  59  5:50  Hatchery  
  59  5:53  Drone x4  
  59  5:54  Drone  
  59  5:55  Drone  
  64  5:58  Lair  
  64  6:01  Pneumatized Carapace  
  64  6:19  Zergling x8  
  64  6:24  Zergling x2  
  64  6:25  Zergling x20  
  79  6:26  Baneling x10  
  75  6:53  Zergling x12  
  52  7:16  Zergling x22  
  52  7:17  Zergling x2  
  47  7:58  Spire, Centrifical Hooks  
  47  7:59  Drone x4  
  47  8:00  Drone x9, Queen  
  61  8:11  Baneling x8  
  61  8:12  Baneling x3  
  61  8:13  Drone x3  
  64  8:23  Extractor  
  64  8:24  Drone x3  
  66  8:28  Overseer  
  66  8:40  Zergling x2  
  66  8:41  Zergling x20  
  77  8:42  Extractor  
  76  8:54  Evolution Chamber, Zergling x6  
  76  8:55  Evolution Chamber  
  77  9:04  Zergling x6  
  80  9:13  Zergling x2  
  80  9:14  Zergling x10  
  80  9:15  Baneling x2  
  80  9:16  Baneling x5  
  86  9:30  Zerg Ground Armor Level 1, Zerg Melee Weapons Level 1  
  86  9:36  Mutalisk  
  86  9:37  Mutalisk  
  90  9:39  Overlord x4  
  90  9:56  Queen  
  90  9:58  Mutalisk  
  90  9:59  Mutalisk x12  
  118  10:05  Hatchery  
  117  10:07  Zerg Flyer Weapons Level 1  
  117  10:13  Mutalisk x2  
  121  10:16  Zergling x2  
  121  10:18  Overlord x3  
  121  10:19  Overlord  
  122  10:31  Baneling  
  122  10:33  Baneling  
  122  10:34  Baneling x7  
  122  10:42  Zergling x8  
  126  10:43  Zergling x24  
  138  10:55  Overseer x2  
  114  11:23  Drone  
  114  11:24  Drone x11  
  114  11:25  Queen  
  128  11:40  Zergling x2  
  128  11:41  Zergling x10  
  126  12:15  Zergling x18  
  129  12:16  Zergling x24  
Show
View Real Time Build Order
Export as new Build Order

shidox Terran 

Build Orders: Hellion Opening 

Get SALT Encoding   

  12  0:01  SCV  
  13  0:13  SCV  
  14  0:19  Supply Depot  
  14  0:25  SCV  
  15  0:41  SCV  
  16  0:44  Barracks  
  16  0:49  Refinery  
  16  0:53  SCV  
  17  1:05  Supply Depot, SCV  
  18  1:17  SCV  
  20  1:35  Barracks Reactor  
  20  1:38  Orbital Command  
  19  1:41  Refinery  
  19  1:49  Supply Depot  
  19  1:57  Engineering Bay  
  19  2:06  SCV  
  20  2:11  Factory  
  20  2:12  Marine x2  
  22  2:18  SCV  
  23  2:30  SCV  
  24  2:37  Supply Depot  
  24  2:42  Factory  
  23  2:45  SCV  
  24  2:57  SCV  
  25  3:07  Armory  
  25  3:08  Barracks Reactor  
  25  3:09  SCV  
  25  3:10  Hellion x2  
  30  3:21  SCV  
  30  3:23  Starport  
  31  3:33  SCV, Hellion  
  31  3:34  Hellion  
  36  3:45  SCV  
  37  3:55  Barracks Reactor  
  37  3:56  Hellion x3  
  37  3:57  SCV  
  37  4:01  Hellion  
  46  4:06  Supply Depot  
  46  4:09  SCV  
  47  4:21  Supply Depot  
  47  4:28  Hellion  
  49  4:32  SCV  
  42  4:55  SCV  
  42  4:56  Hellion x2  
  42  4:59  Medivac  
  47  5:00  Supply Depot  
  47  5:06  Hellion x3  
  47  5:07  Hellion  
  45  5:31  Medivac  
  45  5:32  SCV  
  50  5:37  Terran Vehicle Weapons Level 1  
  50  5:38  Command Center  
  50  5:44  SCV  
  50  5:45  Hellion  
  50  5:46  Hellion x3  
  59  5:56  SCV  
  60  5:58  Medivac  
  60  6:03  Supply Depot  
  60  6:07  Hellion x2  
  60  6:08  Hellion  
  66  6:12  Medivac  
  66  6:16  SCV  
  69  6:21  Terran Infantry Weapons Level 1  
  69  6:35  SCV  
  69  6:36  Barracks Tech Lab  
  70  6:42  Barracks  
  70  6:44  Barracks  
  52  7:00  Hellion  
  52  7:01  Hellion x3  
  58  7:05  SCV  
  57  7:23  Hellion x3  
  57  7:26  SCV  
  64  7:38  SCV  
  51  8:01  SCV  
  51  8:05  Orbital Command  
  52  8:10  Barracks Reactor x2  
  52  8:20  SCV  
  52  8:22  Terran Infantry Weapons Level 2  
  52  8:26  Terran Vehicle Weapons Level 2  
  53  8:31  Marauder  
  53  8:33  Stimpack  
  55  8:34  Medivac  
  55  8:38  SCV x2  
  59  8:43  Refinery  
  59  8:45  Refinery  
  59  8:51  Engineering Bay  
  59  8:55  Supply Depot, Marine x2  
  59  8:56  Marine x2  
  59  8:57  Marauder  
  65  9:03  SCV  
  66  9:14  Medivac  
  66  9:15  SCV x2, Medivac  
  72  9:19  Terran Infantry Armor Level 1  
  72  9:22  Marine x4  
  72  9:23  Marauder  
  78  9:26  Widow Mine  
  78  9:27  SCV, Widow Mine  
  78  9:30  Widow Mine  
  85  9:31  Widow Mine  
  85  9:35  SCV  
  88  9:40  SCV  
  88  9:41  Supply Depot  
  88  9:44  Marauder  
  88  9:45  Supply Depot  
  91  9:48  SCV  
  92  9:55  Marine x3, Widow Mine  
  92  9:56  Marine  
  98  10:03  SCV x2  
  98  10:06  Marauder  
  102  10:08  Missile Turret  
  102  10:10  Missile Turret  
  102  10:21  Missile Turret  
  102  10:27  SCV x2  
  104  10:32  Marine x4  
  104  10:33  Command Center, Marauder  
  104  10:35  Widow Mine x2  
  110  10:39  SCV  
  115  10:56  SCV x2  
  117  11:03  Supply Depot  
  113  11:06  Supply Depot x2  
  113  11:08  SCV  
  80  11:15  Widow Mine x4  
  80  11:17  SCV  
  87  11:20  SCV  
  87  11:25  Missile Turret  
  84  11:28  Missile Turret  
  84  11:29  Missile Turret  
  84  11:31  Missile Turret  
  84  11:51  Medivac x2  
  88  11:57  SCV  
  88  11:58  SCV  
  82  12:09  Marine x5  
  79  12:27  Marine  
Tags
 
Add a new tag
Caveats
  • Supply blocks, unpowered buildings, or Contaminate may cause inaccurate times.
  • Supply counts are checked every 10 seconds.